 Dungeon Sprint DCSS version 0.30.1-11-g7821555f0a (webtiles) character file.

Game seed: 10080651684389672

14 Heoruswealwe the Magician (level 2, -9/15 HPs)
             Began as a Deep Elf Conjurer on Dec 14, 2023.
             Was an Initiate of Vehumet.
             Killed from afar by a wretched star (24 damage)
             ... with a lance of force
             ... in the Dungeon (Sprint V: "Ziggurat Sprint").
             The game lasted 00:06:34 (118 turns).

Heoruswealwe the Magician (Deep Elf Conjurer)        Turns: 118, Time: 00:06:34

Health: -9/15      AC:  2    Str:  4    XL:     2   Next: 27%
Magic:  9/12       EV: 12    Int: 34    God:    Vehumet [......]
Gold:   0          SH:  0    Dex: 13    Spells: 13/16 levels left

rFire   . . .        a - +11 Screaming Sword {sonic wave}
rCold   . . .        (no shield)
rNeg    . . .        c - +0 robe
rPois   .            (no helmet)
rElec   .            (no cloak)
rCorr   .            (no gloves)
SInv    .            (no boots)
Will    .....        (no amulet)
Stlth   ++           k - +6 ring of intelligence
HPRegen 0.22/turn    j - +6 ring of intelligence
MPRegen 0.13/turn

%: no teleportation
@: no status effects
A: [inability to read after injury 2]
a: Renounce Religion


You were in the Dungeon.
You worshipped Vehumet.
Vehumet was noncommittal.
You visited 1 branch

Inventory:

Hand Weapons
 a - the +11 Screaming Sword (weapon) {sonic wave}
   (You found it in the Dungeon)
Armour
 c - a +0 robe (worn)
Jewellery
 j - a +6 ring of intelligence (right hand)
 k - a +6 ring of intelligence (left hand)
Wands
 n - a wand of mindburst (7)
 o - a wand of iceblast (13)
 p - a wand of light (7)
Scrolls
 g - 4 scrolls of blinking
 l - 4 scrolls of amnesia
 m - 5 scrolls of identify
Potions
 b - 8 potions of magic
 d - 10 potions of heal wounds
 e - 6 potions of haste
 f - 10 potions of curing
 h - 2 potions of brilliance
 i - 2 potions of invisibility
 r - 4 potions of resistance


   Skills:
 - Level 2.4 Dodging
 - Level 2.4 Stealth
 + Level 7.6 Spellcasting
 + Level 7.4 Conjurations


You had 13 spell levels left.
You knew the following spells:

 Your Spells              Type           Power      Damage    Failure   Level
a - Magic Dart            Conj           100%       1d8       1%          1
b - Searing Ray           Conj           100%       2d8       1%          2

Your spell library contained the following spells:

 Spells                   Type           Power      Damage    Failure   Level
 Dazzling Flash           Conj/Hex       76%        N/A       2%          3
 Fulminant Prism          Conj/Hex       19%        3d10      8%          4
 Iskenderun's Mystic Bla  Conj/Tloc      38%        2d9       8%          4


Dungeon Overview and Level Annotations

Branches:
Dungeon (1/1)

Altars:
Ashenzari
Cheibriados
Dithmenos
Elyvilon
Fedhas
Gozag
Hepliaklqana
Kikubaaqudgha
Makhleb
Nemelex Xobeh
Okawaru
Qazlal
Ru
Sif Muna
Trog
Uskayaw
Vehumet
Wu Jian
Xom
Yredelemnul
Zin
The Shining One
Jiyva
Lugonu

Annotations:
D 1 transporter


Innate Abilities, Weirdness & Mutations

[You sometimes lose the ability to read scrolls when taking damage.]


Message History

There is a transporter here.
Memorise Searing Ray, consuming 2 spell levels and leaving 13?
You start memorising the spell.
You continue memorising. x2
You finish memorising.
Spell assigned to 'b'.
Welcome to arena 1.
You enter the transporter and appear at another place.
An ufetubus and a wretched star come into view.
The wretched star glows turbulently.
The lance of force misses you.
Found two items.
Found a transporter.
Cast which spell? (? or * to list)
Aiming: Searing Ray (safe; 1% risk of failure)
Press: ? - help, Shift-Dir - straight line, f - wretched star
Aim: a wretched star (83% to hit)
The searing ray hits the wretched star.
The wretched star is lightly damaged. (Press . to maintain the ray.)
The ufetubus shouts!
The wretched star pulses with an eldritch light!
You occasionally lose the ability to read scrolls when taking damage.
You lose the ability to read scrolls when taking damage more often.
The searing ray hits the wretched star but does no damage.
The wretched star is lightly damaged.
The ufetubus misses you. The ufetubus barely misses you.
You closely miss the wretched star.
The wretched star is lightly damaged.
The ufetubus barely misses you. The ufetubus closely misses you.
The ufetubus completely misses you. The ufetubus closely misses you.
You slash the wretched star!
The Screaming Sword booms, "I AM THE LORD OF PAIN!"
You send a blast of sound all around you.
You kill the ufetubus!
Vehumet accepts your kill.
The wretched star is severely damaged. x2
You hit the wretched star.
The wretched star is severely damaged.
The wretched star glows turbulently.
The lance of force hits you!!
Ouch! That really hurt!
You die...

▓▓▓▓▓▓▓
▓.8©8.▓
▓.....▓
▓.).:.▓
▓.....▓
▓.*...▓
▓..@..▓
▓▓▓▓▓▓▓


You could see a wretched star.

Vanquished Creatures
  An ufetubus (D)
1 creature vanquished.

Notes
Turn   | Place    | Note
-------+----------+-------------------------------------------
     0 | D        | Heoruswealwe the Deep Elf Conjurer began the quest for the
                  | Orb.
     0 | D        | Reached XP level 1. HP: 10/10 MP: 6/6
     0 | D        | Found a shimmering blue altar of Sif Muna.
     0 | D        | Found a sacrificial altar of Ru.
     0 | D        | Found a bloodstained altar of Trog.
     0 | D        | Found a stormy altar of Qazlal.
     0 | D        | Found an iron altar of Okawaru.
     0 | D        | Found a sparkling altar of Nemelex Xobeh.
     0 | D        | Found a blossoming altar of Fedhas.
     0 | D        | Found the +6 Majin-Bo {spellvamp, MP+6 Int+6}
     0 | D        | Found the +27 heavy crossbow "Sniper" {heavy, Acc+∞ SInv}
     0 | D        | Found the +10 dark maul {heavy}
     0 | D        | Found the +15 Maxwell's patent armour {-Cast -Tele rElec
                  | Will+ rCorr}
     0 | D        | Found the +18 shield of the Gong {Loud rN+ Will+ rCorr
                  | EV-5}
     0 | D        | Found the +16 obsidian axe {drain, demonic, Mesm Drain Fly
                  | SInv}
     0 | D        | Found the +7 great mace "Firestarter" {flame, immolate,
                  | rFlCloud rF++}
     0 | D        | Found the +6 shillelagh "Devastator" {shatter}
     0 | D        | Found the +11 plutonium sword {Contam Stlth-}
     0 | D        | Found the +8 lance "Wyrmbane" {slay drac, rPois rF+ rC+
                  | AC+3}
     0 | D        | Found the +9 sword of Zonguldrok {reap}
     0 | D        | Found the +13 scythe of Curses {drain, curses, Drain}
     0 | D        | Found the +9 sword of Power {lifebolt}
     0 | D        | Found the +7 mace of Variability {chaos, chaos arc}
     0 | D        | Found the +11 Singing Sword {sonic wave}
     0 | D        | Found the +8 storm bow {elec, penet}
     2 | D        | Found a transporter.
     2 | D        | Found an ancient bone altar of Kikubaaqudgha.
     2 | D        | Found a viscous altar of Jiyva.
     2 | D        | Found a corrupted altar of Lugonu.
     2 | D        | Found a hazy altar of Hepliaklqana.
     2 | D        | Found a burning altar of Makhleb.
     2 | D        | Found an opulent altar of Gozag.
    58 | D        | Became a worshipper of Vehumet
    61 | D        | Reached XP level 2. HP: 15/15 MP: 6/12
   113 | D        | Learned a level 2 spell: Searing Ray
   113 | D        | Entered arena 2.
   113 | D        | Noticed a wretched star
   113 | D        | Found a transporter.
   118 | D        | Killed from afar by a wretched star

Illustrated notes

Levels and vault maps discovered:
D:        sprint_v [room_start, room_1, room_2, room_3, room_4, room_5, room_6,
          room_7, room_8, room_9, room_10, room_11, room_12, room_13, room_14,
          room_15, room_16, room_17, room_18, room_19, room_20, room_21,
          room_22, room_23, room_24, room_25, room_26, room_27]

Skill      XL: |  1 |
---------------+----+-----
Spellcasting   | 7 |  7.6
Conjurations   | 7 |  7.4
Dodging        | |  2.4
Stealth        | |  2.4

Action                     || total
---------------------------++-------
  Melee: Double sword      ||     3
   Cast: Searing Ray       ||     1
    Use: Potion            ||     1
  Dodge: Dodged            ||     7
